 Dungeon Crawl Stone Soup version 0.21-a0-227-g58a7c62 (webtiles) character file.

15964 Pippin the Slicer (level 12, -4/81 HPs)
             Began as a Human Wanderer on Aug 16, 2017.
             Was a Priest of Hepliaklqana.
             Slain by a troll (12 damage)
             ... on level 12 of the Dungeon on Aug 31, 2017.
             The game lasted 01:17:50 (21277 turns).

Pippin the Slicer (Human Wanderer)                 Turns: 21277, Time: 01:17:53

Health: -4/81      AC:  6    Str: 17 (18) XL:     12   Next: 64%
Magic:  9/18       EV: 17    Int: 12 (13) God:    Hepliaklqana [***...]
Gold:   475        SH:  0    Dex: 13 (14) Spells: 11/19 levels left

rFire    . . .     SeeInvis .   h - +1 dagger (vamp)
rCold    . . .     Gourm    +   (no shield)
rNeg     . . .     Faith    .   A - +0 robe
rPois    .         Spirit   .   (no helmet)
rElec    .         Reflect  .   P - +1 cloak {+Inv}
rCorr    .         Harm     .   j - +1 pair of gloves
MR       +....                  (no boots)
Stlth    +++++.....             r - amulet of the gourmand
HPRegen  0.23/turn              G - +3 ring of evasion
MPRegen  0.16/turn              z - ring of protection from magic

@: no status effects
A: reduced essence, deterioration 1, robust 1, strong 1, wild magic 1
a: Recall Ancestor, Ancestor Identity, Transference, Renounce Religion, Evoke
Invisibility


You were on level 12 of the Dungeon.
You worshipped Hepliaklqana.
Hepliaklqana was most pleased with you.
You were very full.

You visited 1 branch of the dungeon, and saw 12 of its levels.

You collected 570 gold pieces.
You spent 95 gold pieces at shops.

Inventory:

Hand Weapons
 c - a cursed +2 dire flail of freezing
 h - a +1 vampiric dagger (weapon)
 s - a +2 trident of venom
 E - a cursed -2 glaive
 M - a +1 rapier of venom
Missiles
 D - 8 curare-tipped needles
Armour
 j - a +1 pair of gloves (worn)
 A - a +0 robe (worn)
 P - a +1 cloak of invisibility (worn)
Jewellery
 e - an uncursed ring of fire
 r - an amulet of the gourmand (around neck)
 z - a ring of protection from magic (right hand)
 G - a +3 ring of evasion (left hand)
Wands
 l - a wand of flame (17/48)
 J - a wand of polymorph (10/24)
Scrolls
 a - a scroll of summoning {unknown}
 b - 2 scrolls of fear
 m - a scroll of fog
 p - a scroll of random uselessness {unknown}
 q - 6 scrolls of enchant weapon
 w - 4 scrolls of remove curse
 y - a scroll of magic mapping
 B - 2 scrolls of holy word
 C - a scroll of recharging {unknown}
 O - a scroll of vulnerability
Potions
 d - a potion of curing
 f - 3 potions of brilliance
 g - a potion of resistance
 i - a potion of haste {unknown}
 k - 2 potions of invisibility
 n - a potion of lignification
 t - 3 potions of might
 x - 2 potions of flight {unknown}
 I - 2 potions of berserk rage {unknown}
 K - a potion of degeneration {unknown}
Books
 H - a book of Necromancy

   Spells                             Type                      Level
   a - Pain                           Necromancy                   1
   b - Animate Skeleton               Necromancy                   1
   c - Vampiric Draining              Necromancy                   3
   d - Regeneration                   Charms/Necromancy            3
   e - Animate Dead                   Necromancy                   4
   f - Control Undead                 Necromancy                   4
Comestibles
 o - 11 royal jellies
 u - 10 bread rations
 v - 11 meat rations
 F - 8 fruits


   Skills:
 - Level 3.0 Fighting
 - Level 12.4 Short Blades
 * Level 4.6 Polearms
   Level 1.0 Crossbows
 - Level 4.1 Dodging
 + Level 11.9 Stealth
 - Level 4.1 Spellcasting
 - Level 8.0 Necromancy
 - Level 1.0 Evocations


You had 11 spell levels left.
You knew the following spells:

 Your Spells              Type           Power        Failure   Level  Hunger
a - Animate Skeleton      Necr           N/A          1%          1    #......
b - Vampiric Draining     Necr           ####......   4%          3    ###....
c - Control Undead        Necr           ####......   13%         4    #####..


Dungeon Overview and Level Annotations

Branches:
Dungeon (12/15)            Temple (0/1) D:7            Lair (0/6) D:8
    Orc (0/2) D:10

Altars:
Ashenzari
Dithmenos
Elyvilon
Fedhas
Gozag
Hepliaklqana
Makhleb
Nemelex Xobeh
Sif Muna
Vehumet
Xom
Jiyva

Shops:
D:4 :[%*%

Annotations:
D:8 Gastronok


Innate Abilities, Weirdness & Mutations

Your life essence is reduced to manifest your ancestor. (-10% HP)
Your body sometimes deteriorates upon taking damage.
You are robust. (+10% HP)
Your muscles are strong. (Str +2)
Your spells are a little harder to cast, but a little more powerful.


Message History

Aiming: Vampiric Draining
Press: ? - help, Shift-Dir - straight line, f - killer bee
Aim: a killer bee The killer bee is heavily wounded.
You feel life coursing into your body. The killer bee stings you!
You are more poisoned.
The killer bee poisons you! The killer bee stings you!
* * * LOW HITPOINT WARNING * * *
Rabi closely misses the troll.
The troll bites you!
* * * LOW HITPOINT WARNING * * *
The troll misses you. The troll claws you.
* * * LOW HITPOINT WARNING * * *
A kobold comes into view.
You feel better. The killer bee misses you.
The kobold moves out of view.
The killer bee stings Rabi!
Rabi hits the troll with a dagger of draining.
The troll closely misses you. The troll claws you!
* * * LOW HITPOINT WARNING * * *
The troll claws you!
You die...

# #.......##..# #
#.......##..# #
#.......##..# . #
#...........# .. #
#...........# ...
#####...........# ..<.
.......###.####.###.....
.......# #.# #.Ry......
######.# #.# #.@Ty.....
# #)# #.# #......... #
#.# #.# #..#...... # #.#
#.# #..#...... # #.# #.#
#..#...... # #.# #.#
#..# ..%.. # #.# #..#
..... # #.# #..# ###. #


You could see the friendly Rabi the hexer, a troll and 2 killer bees.

Vanquished Creatures
  Erolcha (D:9)
  2 two-headed ogres
  An unseen horror (D:11)
  2 ugly things
  A centaur zombie (D:11)
  Joseph (D:9)
  A yaktaur (D:8)
  A centaur skeleton (D:12)
  A hornet (D:12)
  A troll (D:11)
  Prince Ribbit (D:7)
  Grinder (D:3)
  A slime creature (D:12)
  2 hippogriffs
  A human (D:8)
  A hog (D:8)
  A wyvern (D:12)
  3 yaks
  Grum (D:8)
  A vampire mosquito (D:12)
  2 hell hounds (D:8)
  3 sky beasts
  4 orc warriors
  4 ice beasts
  2 phantoms
  A black bear (D:8)
  5 ogres
  A necrophage (D:7)
  A wolf (D:7)
  8 centaurs
  4 bullfrogs
  2 wyvern zombies (D:8)
  A wyvern skeleton (D:8)
  2 scorpions
  7 killer bees
  2 wights (D:10)
  5 howler monkeys
  A crimson imp (D:10)
  4 jellies
  Crazy Yiuf (D:7)
  4 orc priests
  4 hounds
  8 orc wizards
  2 iguanas
  A statue (D:5)
  6 worker ants
  2 killer bee zombies (D:7)
  A hound skeleton (D:5)
  A hound zombie (D:9)
  6 gnolls
  11 adders
  A shadow imp (D:7)
  2 oozes
  3 adder skeletons
  4 worms (D:2)
  4 dart slugs
  7 leopard geckos
  38 orcs
  2 bats
  8 giant cockroaches
  16 goblins
  11 hobgoblins
  8 jackals
  9 quokkas
  3 ball pythons
  3 frilled lizards
  A jackal skeleton (D:5)
  10 kobolds
  7 rats
268 creatures vanquished.

Vanquished Creatures (collateral kills)
  A two-headed ogre (D:12)
  A cyclops (D:11)
  A hog (D:8)
  2 yaks (D:10)
  A vampire mosquito (D:12)
  Menkaure (D:5)
  2 orc warriors
  A sky beast (D:6)
  2 ogres
  A phantom (D:10)
  A wolf (D:8)
  2 centaurs
  A crocodile (D:8)
  5 bullfrogs
  A wyvern skeleton (D:7)
  A scorpion (D:5)
  A killer bee (D:8)
  8 wights
  A bullfrog zombie (D:8)
  3 crimson imps
  5 jellies
  5 orc priests
  7 orc wizards
  An iguana (D:6)
  4 worker ants
  A hound zombie (D:9)
  A hound skeleton (D:7)
  A shadow imp (D:7)
  An adder skeleton (D:9)
  11 orcs
  A quokka (D:11)
  A frilled lizard (D:5)
76 creatures vanquished.

Vanquished Creatures (others)
  2 hexers
  11 ancestors
  A quokka (D:7)
14 creatures vanquished.

Grand Total: 358 creatures vanquished

Notes
Turn   | Place    | Note
-------+----------+-------------------------------------------
     0 | D:1      | Pippin the Human Wanderer began the quest for the Orb.
     0 | D:1      | Pippin set off with: a +2 hand crossbow, 26 bolts, a scroll of teleportation, a wand of random effects (15/48), a +0 robe, a bread ration
     0 | D:1      | Reached XP level 1. HP: 18/18 MP: 1/1
    78 | D:1      | Reached XP level 2. HP: 9/24 MP: 2/2
   256 | D:1      | Found a deep blue altar of Sif Muna.
   260 | D:1      | Found a white marble altar of Elyvilon.
   260 | D:1      | Found an ornate altar of the Wu Jian Council.
   262 | D:1      | Found a snail-covered altar of Cheibriados.
   262 | D:1      | Found a shimmering altar of Xom.
   262 | D:1      | Found a hazy altar of Hepliaklqana.
   346 | D:1      | Reached XP level 3. HP: 29/29 MP: 3/3
   965 | D:2      | Reached XP level 4. HP: 35/35 MP: 4/4
   989 | D:2      | Upgraded the game from 0.21-a0-200-gb89f83b to 0.21-a0-227-g58a7c62
  1037 | D:2      | Found a shimmering altar of Xom.
  1597 | D:2      | Found a shimmering altar of Xom.
  2033 | D:3      | Reached XP level 5. HP: 41/41 MP: 5/5
  2057 | D:3      | Reached skill level 5 in Short Blades
  2569 | D:3      | Noticed Grinder
  2782 | D:3      | Reached skill level 1 in Dodging
  3164 | D:4      | Reached XP level 6. HP: 47/47 MP: 6/6
  3285 | D:4      | Reached skill level 5 in Stealth
  3463 | D:4      | Found Luacw's General Store.
  3468 | D:4      | Bought a potion of lignification for 30 gold pieces
  3468 | D:4      | Bought a potion of curing for 30 gold pieces
  3468 | D:4      | Bought a scroll of magic mapping for 35 gold pieces
  3489 | D:4      | Found Ciphea's Food Boutique.
  3529 | D:4      | Found Faxkefu's Food Shop.
  3586 | D:4      | Found Bailuthru's Antique Armour Boutique.
  3636 | D:4      | Found Lahuogew's Book Shoppe.
  3766 | D:4      | You fall through a shaft for 2 floors!
  3769 | D:6      | Reached XP level 7. HP: 52/52 MP: 7/7
  3826 | D:6      | Found a shattered altar of Ashenzari.
  3862 | D:5      | Entered Level 5 of the Dungeon
  3863 | D:5      | Found a radiant altar of Vehumet.
  4180 | D:4      | Found Faxkefu's Food Shop.
  4237 | D:4      | Found Ciphea's Food Boutique.
  4246 | D:4      | Found Luacw's General Store.
  4441 | D:4      | Found Bailuthru's Antique Armour Boutique.
  4455 | D:4      | Found Lahuogew's Book Shoppe.
  4997 | D:5      | Noticed Menkaure
  5110 | D:5      | Reached skill level 6 in Short Blades
  5230 | D:5      | Found a hazy altar of Hepliaklqana.
  5238 | D:5      | Became a worshipper of Hepliaklqana the Forgotten
  5619 | D:5      | Reached XP level 8. HP: 27/52 MP: 8/8
  5931 | D:5      | Reached skill level 1 in Spellcasting
  6096 | D:3      | Paralysed by Grinder for 7 turns
  6218 | D:3      | Reached skill level 7 in Short Blades
  6468 | D:3      | Killed Grinder
  6471 | D:3      | Learned a level 1 spell: Animate Skeleton
  6899 | D:6      | Reached skill level 1 in Necromancy
  6899 | D:6      | Reached XP level 9. HP: 46/56 MP: 13/15
  6955 | D:6      | Gained mutation: You are robust. (+10% HP) [potion of mutation]
  6955 | D:6      | Gained mutation: Your body sometimes deteriorates upon taking damage. [potion of mutation]
  6955 | D:6      | Gained mutation: Your muscles are strong. (Str +2) [potion of mutation]
  6955 | D:6      | Gained mutation: Your spells are a little harder to cast, but a little more powerful. [potion of mutation]
  7055 | D:6      | Learned a level 3 spell: Vampiric Draining
  7263 | D:5      | Killed Menkaure
  7263 | D:5      | Reached skill level 8 in Short Blades
  7842 | D:5      | Found a hazy altar of Hepliaklqana.
  8297 | D:5      | Found a radiant altar of Vehumet.
  8864 | D:6      | Found a shattered altar of Ashenzari.
  9106 | D:7      | Found an opulent altar of Gozag.
  9135 | D:7      | Noticed Prince Ribbit
  9149 | D:7      | Killed Prince Ribbit
  9206 | D:7      | Found a staircase to the Ecumenical Temple.
  9314 | D:7      | Found a runed door.
  9326 | D:7      | Found a white marble altar of Elyvilon.
  9336 | D:7      | Noticed Crazy Yiuf
  9340 | D:7      | Killed Crazy Yiuf
  9407 | D:7      | Found a deep blue altar of Sif Muna.
  9544 | D:7      | Reached skill level 9 in Short Blades
  9550 | D:7      | Learned a level 4 spell: Control Undead
  9782 | D:7      | Found a white marble altar of Elyvilon.
  9796 | D:7      | Found a deep blue altar of Sif Muna.
  9949 | D:7      | Found an opulent altar of Gozag.
 10198 | D:7      | Reached XP level 10. HP: 67/70 MP: 16/16
 10247 | D:7      | Found a staircase to the Ecumenical Temple.
 10446 | D:8      | Noticed Grum
 10799 | D:7      | Found a white marble altar of Elyvilon.
 10859 | D:7      | Found an opulent altar of Gozag.
 10931 | D:7      | Found a staircase to the Ecumenical Temple.
 11086 | D:7      | Found a deep blue altar of Sif Muna.
 11256 | D:8      | Killed Grum
 11256 | D:8      | Reached skill level 10 in Short Blades
 11273 | D:8      | Reached * piety under Hepliaklqana
 11362 | D:8      | Found a sparkling altar of Nemelex Xobeh.
 11536 | D:8      | Found a shadowy altar of Dithmenos.
 11745 | D:8      | Reached skill level 5 in Necromancy
 12359 | D:8      | Noticed a yaktaur
 12359 | D:8      | a yak changed into a yaktaur
 12395 | D:8      | Killed a yaktaur
 12678 | D:8      | Found a staircase to the Lair.
 13390 | D:8      | Found a blossoming altar of Fedhas.
 13390 | D:8      | Noticed Gastronok
 13516 | D:8      | Reached XP level 11. HP: 10/75 MP: 7/17
 14071 | D:8      | Found a sparkling altar of Nemelex Xobeh.
 14113 | D:8      | Found a shadowy altar of Dithmenos.
 14164 | D:8      | Found a blossoming altar of Fedhas.
 14498 | D:8      | Found a staircase to the Lair.
 15461 | D:10     | Entered Level 10 of the Dungeon
 15530 | D:9      | Reached ** piety under Hepliaklqana
 15531 | D:9      | Remembered your ancestor Rabi as a hexer
 15682 | D:9      | Noticed Erolcha
 15695 | D:9      | Killed Erolcha
 15695 | D:9      | Reached skill level 10 in Stealth
 15711 | D:9      | Noticed Joseph
 16092 | D:9      | Killed Joseph
 17160 | D:10     | Noticed a two-headed ogre
 17179 | D:10     | Killed a two-headed ogre
 17272 | D:10     | Reached skill level 11 in Short Blades
 17873 | D:10     | Found a staircase to the Orcish Mines.
 18321 | D:11     | Reached *** piety under Hepliaklqana
 18361 | D:11     | Noticed a green ugly thing
 18619 | D:11     | Found a burning altar of Makhleb.
 18619 | D:11     | Noticed a green death
 18780 | D:11     | Noticed a cyclops
 18827 | D:11     | Killed a cyclops
 18827 | D:11     | Reached XP level 12. HP: 71/81 MP: 5/18
 19020 | D:11     | Reached skill level 12 in Short Blades
 19441 | D:11     | Killed an unseen horror
 19980 | D:11     | Found a burning altar of Makhleb.
 20289 | D:11     | Noticed a two-headed ogre
 20302 | D:11     | Killed a two-headed ogre
 20502 | D:12     | Found a viscous altar of Jiyva.
 20524 | D:12     | Noticed a two-headed ogre
 20532 | D:12     | Killed a two-headed ogre
 21277 | D:12     | Slain by a troll

Vault maps used:
D:1:      lightli_arrival_boilingwater, serial_park_tiny_2, doesnt_xom_only_xom
D:2:      kennysheep_the_goblin_king, lemuel_coloured_pillars_altar
D:3:      uniq_grinder
D:4:      first_bread, serial_shops, shop, shop, kennysheep_little_box,
          nicolae_shop_overgrown_old_shop, nicolae_shop_behind_doors,
          kennysheep_generic_room_13
D:5:      kennysheep_mini, vehumet_statue, uniq_menkaure
D:6:      lemuel_round_altar
D:7:      kennysheep_mini_moat, elyvilon_altar_4, nicolae_gozag_seed_capital,
          temple_hall, uniq_crazy_yiuf_cottage, uniq_prince_ribbit1
D:8:      lemuel_doored_altar, nicolae_overflow_hidden_temple,
          minmay_lair_entry_lava, grunt_livestock, lemuel_statue_altar,
          uniq_gastronok, uniq_grum
D:9:      uniq_joseph, uniq_erolcha
D:10:     erik_orc_3
D:11:     makhleb_altar_promises_db
D:12:     hangedman_cross_veins, jiyva_altar_1

Skill      XL: |  1  2  3  4  5  6  7  8  9 10 11 12 |
---------------+-------------------------------------+-----
Stealth        | 2 3 4 5 6 9 11 | 11.9
Short Blades   | 5 6 7 9 10 11 12 | 12.4
Dodging        | 2 3 4 |  4.1
Spellcasting   | 4 |  4.1
Necromancy     | 1 4 7 8 |  8.0
Polearms       | 4 |  4.6
Fighting       | |  3.0
Crossbows      | |  1.0
Evocations     | |  1.0

Action                   |  1- 3 |  4- 6 |  7- 9 | 10-12 || total
-------------------------+-------+-------+-------+-------++-------
Melee: Dagger            |    85 |   343 |   526 |  1326 ||  2280
 Fire: Hand crossbow     |     5 |       |       |       ||     5
 Cast: Vampiric Draining |       |       |       |    62 ||    62
       Control Undead    |       |       |       |     2 ||     2
Invok: Ancestor Identity |       |       |     1 |       ||     1
       Ancestor Life: He |       |       |       |     1 ||     1
Evoke: Wand              |       |       |    27 |    21 ||    48
  Use: Scroll            |       |     5 |     5 |    10 ||    20
       Potion            |       |     2 |     1 |    14 ||    17
 Stab: Sleeping          |     7 |     8 |    14 |    14 ||    43
       Distracted        |       |       |     4 |    10 ||    14
       Confused          |       |       |     2 |    11 ||    13
       Invisible         |       |       |       |     3 ||     3
  Eat: Bread ration      |     1 |       |       |       ||     1
       Chunk             |       |     8 |    29 |    47 ||    84
       Fruit             |       |     6 |       |       ||     6
Armor: Robe              |     6 |    40 |    34 |   103 ||   183
       Skin              |       |       |       |    24 ||    24
Dodge: Dodged            |    30 |   170 |   236 |   637 ||  1073

Table legend:
 A = Spawn XP
 B = Non-spawn XP
 C = Spawn XP percentage of total XP
 D = Spawn monster count
 E = Non-spawn monster count
 F = Spawn count percentage of total count
 G = Total turns spent on level
                    A         B        C        D         E        F      G
               +---------+---------+-------+---------+---------+-------+---------
         Total |    5057 |   17651 |  22.3 |      81 |     217 |  27.2 | 20288
               +---------+---------+-------+---------+---------+-------+---------
           D:2 |      35 |       0 | 100.0 |       6 |       0 | 100.0 |  1242
           D:3 |       6 |     452 |   1.3 |       4 |      31 |  11.4 |  1603
           D:4 |      30 |     232 |  11.5 |       4 |      12 |  25.0 |  1402
           D:5 |     384 |     633 |  37.8 |      13 |      18 |  41.9 |  2750
           D:6 |       0 |    1064 |   0.0 |       0 |      18 |   0.0 |  1248
           D:7 |     528 |     781 |  40.3 |      12 |      15 |  44.4 |  2261
           D:8 |    1599 |    3020 |  34.6 |      26 |      31 |  45.6 |  3947
           D:9 |     228 |    2050 |  10.0 |       2 |      20 |   9.1 |  1699
          D:10 |     242 |    3379 |   6.7 |       3 |      39 |   7.1 |  1177
          D:11 |    1962 |    2656 |  42.5 |      10 |      12 |  45.5 |  2138
          D:12 |      43 |    3384 |   1.3 |       1 |      21 |   4.5 |   821
               +---------+---------+-------+---------+---------+-------+---------
